 Dungeon Crawl Stone Soup version 0.31-a0-960-g0fca184906 (webtiles) character file.

Game seed: 4849115682129906570

93 BinkBink the Shooter (level 4, -8/23 HPs)
             Began as a Spriggan Hunter on Oct 23, 2023.
             Was a Believer of Wu Jian.
             Mangled by Edmund
             ... wielding a +1 dire flail of protection
              (10 damage)
             ... on level 4 of the Dungeon.
             The game lasted 00:02:09 (1893 turns).

BinkBink the Shooter (Spriggan Hunter)              Turns: 1893, Time: 00:02:09

Health: -8/23      AC:  2    Str:  7    XL:     4   Next: 37%
Magic:  5/5        EV: 18    Int: 10    God:    Wu Jian [**....]
Gold:   75         SH:  0    Dex: 20    Spells: 3/3 levels left

rFire   . . .        i - +2 short sword (elec)
rCold   . . .        (no shield)
rNeg    . . .        c - +0 robe
rPois   .            (helmet restricted)
rElec   .            (no cloak)
rCorr   .            (gloves unavailable)
SInv    +            (boots unavailable)
Will    .....        (no amulet)
Stlth   ++           (no ring)
HPRegen 0.23/turn    (no ring)
MPRegen 0.09/turn

%: no passive effects
@: very quick
A: very small, no large weapons, unfitting armour, see invisible, speed 3
a: Renounce Religion, Wall Jump


You were on level 4 of the Dungeon.
You worshipped Wu Jian.
Wu Jian was pleased with you.
You visited 1 branch of the dungeon, and saw 4 of its levels.

You collected 75 gold pieces.

Inventory:

Hand Weapons
 a - a +0 shortbow
 i - a +2 short sword of electrocution (weapon)
Armour
 c - a +0 robe (worn)
Scrolls
 b - a scroll of butterflies
 e - 2 scrolls of enchant weapon {unknown}
 f - 3 scrolls of identify {unknown}
 g - a scroll of amnesia {unknown}
 j - a scroll of poison {unknown}
 k - a scroll of vulnerability {unknown}
Potions
 d - 2 potions of degeneration {unknown}
 h - a potion of resistance {unknown}


   Skills:
 + Level 2.5 Fighting
 * Level 5.3 Ranged Weapons
 + Level 2.7 Dodging
 + Level 1.7 Stealth


You had 3 spell levels left.
You didn't know any spells.
Your spell library contained the following spells:

 Spells                   Type           Power      Damage    Failure   Level
 Tukima's Dance           Hex            0%         N/A       75%         3
 Dimensional Bullseye     Hex/Tloc       0%         N/A       98%         4
 Iskenderun's Mystic Bla  Conj/Tloc      0%         2d3       98%         4


Dungeon Overview and Level Annotations

Branches:
Dungeon (4/15)
 Temple: D:4-7

Altars:
Dithmenos
Elyvilon
Wu Jian

Annotations:
D:4 1 runed translucent door, Edmund


Innate Abilities, Weirdness & Mutations

You are very small and have problems with some larger weapons.
You are too small for most types of armour.
You have supernaturally acute eyesight. (SInv)
You cover ground extremely quickly. (Speed+++)


Message History

You see here a scroll labelled ENUIDE ELIHU.
The helpless Edmund fails to defend himself.
You hit Edmund.
Edmund is lightly wounded.
Edmund hits you with a +1 dire flail of protection.
You hit Edmund.
Edmund is lightly wounded.
Edmund barely misses you.
You hit Edmund but do no damage.
Edmund is lightly wounded.
Edmund misses you.
You hit Edmund.
Edmund is moderately wounded.
Edmund closely misses you.
You hit Edmund but do no damage. Lightning courses through Edmund!
Edmund is heavily wounded.
Edmund barely misses you.
You closely miss Edmund.
Edmund is heavily wounded.
Edmund closely misses you.
You hit Edmund but do no damage.
Edmund is heavily wounded.
Edmund completely misses you.
You hit Edmund but do no damage.
Edmund is heavily wounded.
Edmund closely misses you.
You closely miss Edmund.
Edmund is heavily wounded.
Edmund hits you with a +1 dire flail of protection!
You hit Edmund but do no damage.
Edmund is heavily wounded.
Edmund hits you with a +1 dire flail of protection!
* * * LOW HITPOINT WARNING * * *
You are too injured to fight recklessly!
You are too injured to fight recklessly!
You closely miss Edmund.
Edmund is heavily wounded.
Edmund hits you with a +1 dire flail of protection!
You die...
Edmund says, "That'll show my brother!"

#.<.###
#.....## ..
#...#...#..#
#...##..##..#
#...#........#
....##....##...
##.###..♣P..# .
## #.?....#
##@...## ##@.##
###


You could see Edmund.

Vanquished Creatures
  A gnoll (D:2)
  An adder (D:3)
  3 worms (D:2)
  2 dart slugs
  3 endoplasms (D:2)
  2 giant cockroaches (D:2)
  5 goblins
  7 hobgoblins
  6 jackals
  8 ball pythons
  4 bats
  4 frilled lizards
  7 kobolds
  4 rats
57 creatures vanquished.

Notes
Turn   | Place    | Note
-------+----------+-------------------------------------------
     0 | D:1      | BinkBink the Spriggan Hunter began the quest for the Orb.
     0 | D:1      | Reached XP level 1. HP: 10/10 MP: 2/2
   233 | D:1      | Reached XP level 2. HP: 15/15 MP: 3/3
   332 | D:1      | Found a faded altar of an unknown god.
   344 | D:1      | Prayed at the altar of an unknown god.
   344 | D:1      | Became a worshipper of the Wu Jian Council
   344 | D:1      | Reached * piety under Wu Jian
   663 | D:2      | Reached XP level 3. HP: 18/18 MP: 4/4
   890 | D:2      | Reached skill level 5 in Ranged Weapons
  1157 | D:2      | Reached ** piety under Wu Jian
  1160 | D:2      | Reached XP level 4. HP: 23/23 MP: 5/5
  1681 | D:3      | Found a shadowy altar of Dithmenos.
  1683 | D:3      | Found a white marble altar of Elyvilon.
  1873 | D:4      | Found a runed translucent gate.
  1878 | D:4      | Noticed Edmund
  1892 | D:4      | HP: 1/23 [Edmund/+1 dire flail of protection (11)]
  1893 | D:4      | Mangled by Edmund

Illustrated notes

Levels and vault maps discovered:
D:1:      saegor_arrival_miasma, layout_basic,
          chequers_ecumenical_altar_simple_redux
D:2:      layout_basic, kennysheep_another_room, grunt_ministairs_7,
          minmay_misc_feat_doors, minmay_increasing_density
D:3:      layout_loops_ring, nicolae_overflow_hidden_temple, grunt_ministairs_4,
          kennysheep_generic_room_5
D:4:      layout_cave_pools, general_overflow_altar,
          minmay_temple_entry_offerings, gammafunk_ghost_nasty_kobolds,
          portal_sewer_entry_e, serial_park_tiny_1, uniq_edmund

Skill      XL: |  1  2  3 |
---------------+----------+-----
Fighting       | 2 |  2.5
Ranged Weapons | 5 |  5.3
Dodging        | |  2.7
Stealth        | |  1.7

Action                     |  1- 3 |  4- 6 || total
---------------------------+-------+-------++-------
  Melee: Short sword       |       |    38 ||    38
   Fire: Shortbow          |    96 |     7 ||   103
   Stab: Sleeping          |       |     3 ||     3
 Armour: Robe              |     8 |    14 ||    22
  Dodge: Dodged            |    11 |    28 ||    39

Table legend: (Time is in decaauts)
 A = Elapsed time spent in this place.
 B = Non-inter-level travel time spent in this place.
 C = Inter-level travel time spent in this place.
 D = Time resting spent in this place.
 E = Time spent auto-exploring this place.
 F = Levels seen in this place.
 G = Mean time per level.
                   A        B        C        D        E       F      G
               +--------+--------+--------+--------+--------+-----+--------+
         Total |   1283 |   1195 |     88 |      0 |    967 |   4 |  320.8 |
       Dungeon |   1283 |   1195 |     88 |      0 |    967 |   4 |  320.8 |
               +--------+--------+--------+--------+--------+-----+--------+

Top non-repeatable levels by time:
     D:2: 677 daAuts
     D:1: 426 daAuts
     D:3: 162 daAuts
     D:4: 16 daAuts
